[Event "XTX Markets London Classic-Elite 2024"]
[Site "London"]
[Date "2024.12.01"]
[Round "3.1"]
[White "Mamedyarov, Shakhriyar"]
[Black "Ju, Wenjun"]
[Result "1-0"]
[WhiteElo "2738"]
[BlackElo "2563"]
[Annotator "TA"]
[PlyCount "85"]
[EventDate "2024.??.??"]
[TimeControl "60"]

1. Nf3 d5 2. g3 g6 3. Bg2 Bg7 4. O-O e5 5. d3 Ne7 6. c4 c6 7. e4 O-O ({RR} 7... dxe4 8. dxe4 Qxd1 9. Rxd1 Be6 10. b3 f6 11. Nc3 Na6 12. Be3 h5 13. Ne1 h4 14. Nd3 hxg3 15. hxg3 Kf7 16. f4 exf4 17. gxf4 Rhd8 18. Kf2 Rd7 19. Nc5 Nxc5 20. Bxc5 b6 21. Rxd7 Bxd7 22. Be3 {Ding,L (2799)-Aronian,L (2782) chess24.com INT 2021 ½-½ (53)}) 8. b4 dxe4 $146 ({RR} 8... a5 9. b5 dxc4 10. dxc4 Be6 11. Qe2 h6 12. Rd1 Qc7 13. Ba3 Re8 14. Nc3 Nd7 15. Rac1 c5 16. Nd5 Bxd5 17. cxd5 Nc8 18. Bh3 b6 19. Nd2 Nd6 20. Bb2 Nf8 21. a4 h5 22. Nc4 Nxc4 23. Rxc4 {Glashausser,S (1973)-Keller,P (2289) chess.com INT 2024 0-1 (42)}) ({RR} 8... d4 9. a4 c5 10. bxc5 Nec6 11. Nbd2 Be6 12. Rb1 Nd7 13. Rxb7 Nxc5 14. Rb5 Nxd3 15. Ba3 a6 16. Rb3 Nxf2 17. Rxf2 Re8 18. h4 Bh6 19. Ng5 Bxg5 20. hxg5 Qxg5 21. Rb6 Rac8 22. Qf3 d3 23. Bd6 {Oparin,G (2674)-Aronian,L (2785) Chess.com INT 2022 ½-½ (53)}) 9. dxe4 {[%emt 0:00:09] The position is equal.} Nf5 10. Bb2 (10. exf5 e4 11. Qxd8 Rxd8 $15) 10... Nd4 11. Nxd4 exd4 12. Nd2 a5 13. b5 a4 14. Ba3 Re8 15. f4 cxb5 16. cxb5 d3 17. e5 f5 {[%emt 0:12:28] Prevents Ne4.} (17... Qd4+ $16 18. Rf2 Bg4) 18. Kh1 (18. Nf3 $18) 18... Be6 $16 19. Bxb7 (19. Qf3 $142) 19... Ra5 20. Bg2 Rxb5 {[%emt 0:00:02] [#]} (20... Bf8 $16 {might work better.} 21. Bxf8 Rxf8) 21. Bd6 (21. Qxa4 $2 Ra5 22. Qd1 (22. Qb4 $2 Bf8 $19) 22... Rxa3 $19) ({Only move:} 21. Nc4 $1 $18 ) 21... Bf8 22. Qxa4 Qa5 23. Qxa5 Rxa5 {[%emt 0:00:02] [#]} 24. Bxf8 $1 Kxf8 25. Nb3 Ra3 26. Nc5 Nd7 27. Nxe6+ Rxe6 28. Rfc1 {[%emt 0:00:03] Against Nc5} Rea6 29. Rc8+ (29. Rc7 $16 Rxa2 30. Rxa2 Rxa2 31. Rxd7 Ra1+ 32. Bf1 Rxf1+ 33. Kg2) 29... Ke7 $11 30. Bc6 {[%emt 0:00:27] Rd1 is the strong threat.} Ra7 $1 31. Rh8 Nf8 {[%emt 0:01:42][%cal Oa3c3] White must now prevent ...Rc3!} 32. Bd5 (32. Rg8 $11 {deserves consideration.}) 32... d2 $15 {[%emt 0:02:45][%mdl 1024] Black has compensation.} 33. Rd1 Rd3 34. Rg8 Ne6 {[%emt 0:01:33] Against Rg7+} (34... Ke8 $5 35. Bc4 Rc3 36. Bb5+ Kf7 37. Rxf8+ (37. Rh8 $2 Rc1 $19) 37... Kxf8 38. Rxd2 Ke7 $15) 35. Bc4 $36 {[%emt 0:00:50][%mdl 2048] White has good play.} Rd4 36. Rc8 ({Don't blunder} 36. Rh8 $2 Rxc4 37. Rxd2 (37. Rxh7+ $2 {too greedy.} Kf8 $19) 37... Nf8 $19) 36... Nc7 (36... g5 $11 {remains equal.}) 37. Bb3 $16 Kd7 38. Rh8 h5 (38... Kc6 $16) 39. Kg2 {[%emt 0:03:36] Kf3 would now be deadly.} Kc6 $2 (39... Ra3) 40. Kf2 $18 Nb5 41. Rc8+ ({Weaker is} 41. Ke3 Rad7 $18) 41... Kb6 42. a4 Nc7 43. Ke3 {[%emt 0:00:00][%csl Bd2,Bd4] Weighted Error Value: White=0.14 (very precise) /Black=0.31. Mistake: 	White=5 	Black=5 Inaccurate: 	--- 	Black=3 OK: 	White=15 	Black=12 Best: 	White=5 	Black=3 Strong: 	White=1 	Black=1} 1-0

[Event "XTX Markets London Classic-Elite 2024"]
[Site "London"]
[Date "2024.12.01"]
[Round "3.2"]
[White "Hong, Andrew"]
[Black "Vitiugov, Nikita"]
[Result "1-0"]
[WhiteElo "2572"]
[BlackElo "2668"]
[Annotator "TA"]
[PlyCount "131"]
[EventDate "2024.??.??"]
[TimeControl "60"]

1. e4 c5 2. Nf3 Nc6 3. Bb5 g6 4. Bxc6 dxc6 5. d3 Qc7 6. Be3 {[%emt 0:07:38] B31: Sicilian: 2...Nc6 3 Bb5 g6.} ({RR} 6. O-O e5 7. Be3 Nf6 8. Qe1 Bg4 9. Nbd2 Nh5 10. a3 Be7 11. Qb1 Nf4 12. b4 Ne2+ 13. Kh1 Nd4 14. Ng1 g5 15. bxc5 Bxc5 16. Bxg5 Rg8 17. Bh4 Be7 18. Bg3 O-O-O 19. Nc4 f6 20. a4 Ne6) 6... e5 7. a4 ({RR} 7. Qd2 b6 8. a4 a5 9. Na3 f6 10. O-O Be6 11. Nc4 Bxc4 12. dxc4 Rd8 13. Qe2 Bh6 14. c3 Bxe3 15. Qxe3 Ne7 16. b4 Qd6 17. bxa5 bxa5 18. Rab1 Kf7 19. h3 Rd7 20. Rb2 Qd3 21. Qxc5 Qxc3 {Wei,Y (2758)-Carlsen,M (2828) Warsaw, Poland 2024 0-1 (42)}) ({RR} 7. h3 f6 ({RR} 7... Be6 8. a4 f6 9. Qd2 a5 10. Na3 b6 11. b3 Ne7 12. Bh6 O-O-O 13. Bxf8 Rhxf8 14. Qh6 Ng8 15. Qe3 Ne7 16. Qh6 Ng8 17. Qe3 Ne7 18. O-O-O Kb7 19. Kb2 Nc8 20. Rhe1 g5) 8. O-O Nh6 9. Nh2 Be6 10. f4 O-O-O 11. Qc1 Nf7 12. f5 gxf5 13. exf5 Bd7 14. Ng4 Be7 15. Nc3 h5 16. Nh6 Nd6 17. Ne4 Nxe4 18. dxe4 Be8 19. g4 Bf8 20. g5 Qg7 21. Kh2 fxg5) 7... Nf6 8. Na3 $146 ({Predecessor:} 8. h3 Nd7 9. Na3 Bg7 10. Qd2 O-O 11. Bh6 b6 12. O-O a5 13. Bxg7 Kxg7 14. Nc4 {0-1 Goryachkina,A (2584)-Melkumyan,H (2645) Titled Tuesday intern op 13th Dec Late blitz 2022 (9)}) ({RR} 8. h3 Nd7 9. Na3 Bg7 10. Qd2 O-O 11. Bh6 b6 12. O-O a5 13. Bxg7 Kxg7 14. Nc4 Ba6 15. b3 Rae8 16. Qc3 f6 17. Qd2 Rf7 18. Nh2 Nf8 19. f4 exf4 20. Qxf4 Qxf4 21. Rxf4 Ne6 22. Rf2 Rb8 {Goryachkina,A (2584)-Melkumyan,H (2645) chess.com INT 2022 0-1 (113)}) ({RR} 8. h3 h6 9. Qd2 Be6 10. Na3 a5 11. O-O g5 12. Qc3 Nd7 13. Nc4 b5 14. axb5 cxb5 15. Rxa5 Rb8 16. Rfa1 bxc4 17. Ra7 Rb7 18. Ra8+ Ke7 19. dxc4 Bg7 20. R8a5 Rhb8 21. b3 f6 22. Ne1 Bf8 {Perunovic,M (2525)-Nenezic,M (2492) Bajina Basta SRB 2024 0-1 (51)}) 8... Be6 9. O-O h6 10. Qe1 Nd7 11. Qc3 g5 12. a5 f6 13. Nd2 Rb8 14. Nb3 b6 15. axb6 axb6 16. Nc4 b5 17. Qa5 Qc8 18. Ncd2 Be7 19. c4 Kf7 20. Qc3 Qb7 21. Ra5 bxc4 22. dxc4 Qb4 23. Qd3 Ra8 24. Rfa1 Rxa5 25. Rxa5 Rd8 26. Ra7 Qb8 27. Ra1 Qb4 28. Ra7 Qb8 29. Ra1 Qb4 30. Qc2 Rb8 31. Ra7 Qb6 32. Ra2 Rb7 33. Nc1 Ra7 34. Qb1 Ra6 35. Qa1 Rxa2 36. Qxa2 Bd8 (36... Nf8 $11) 37. Ncb3 (37. Ne2 $14) 37... Be7 38. Nc1 ({White should play} 38. h3 $11) 38... Bd8 $14 39. Nd3 ({Better is} 39. Ne2 $14) 39... Qa5 $11 40. Qb1 (40. Qxa5 {simplifies} Bxa5 41. b3 Bc3 42. Kf1) 40... Be7 41. Qd1 Kg6 42. g4 Kf7 43. h4 Nf8 (43... gxh4 44. Bxh6 Qd8 45. Qe2 $14) 44. h5 Bc8 45. Nf1 Ne6 46. Ng3 Nf4 (46... Qa2 $11 {might be stronger.}) 47. Bxf4 $14 exf4 48. Nf5 Bf8 49. Kg2 Be6 50. Qc2 (50. b3 $14) 50... Qa6 (50... Qa2 $15) 51. b3 $14 Qa1 52. Nc1 (52. Qc1 {is more complex.} Qa2 53. Qb2 Qa8 54. f3) 52... Ke8 53. Ne2 Kf7 54. Ng1 Ke8 55. Qd3 Qa7 56. e5 ({White should try} 56. Nf3 $14) 56... fxe5 (56... Qd7 $1 $11 {keeps the balance.} 57. Qe4 (57. Qxd7+ Kxd7 58. exf6 Bxf5 $11) 57... Bxf5 58. gxf5 fxe5) 57. Nf3 $16 Qc7 (57... Bxf5 $16 58. Qxf5 Bg7) 58. Qe4 (58. Nxh6 $1 $18 {has better winning chances.} Bxh6 59. Qg6+ Qf7 60. Qxh6 Bxg4 61. Qxc6+ (61. Nxg5 Qxh5 62. Qg7 Kd8 $11) 61... Bd7 62. Qxc5 Qxh5 63. Qxe5+ Kf8 64. Qf6+ (64. Qxg5 Qh3+ 65. Kg1 Qxf3 $17) (64. Nxg5 $2 Bh3+ 65. Kh2 Bf5+ $19) 64... Ke8 65. Ne5 (65. Qxg5 $2 Qh3+ 66. Kg1 Qxf3 $19) (65. Nxg5 Qg4+ 66. Kh2 Qh5+ 67. Kg2 Qg4+ 68. Kh1 Qh4+ 69. Kg2 Qg4+ $11)) 58... Bxf5 $16 59. Qxf5 Bg7 60. Qe6+ $1 Kf8 $2 {[%emt 0:00:39] [#]} (60... Qe7 $16 61. Qxc6+ Qd7 62. Qxd7+ (62. Qxc5 Qxg4+ 63. Kf1 Qxf3 $11) 62... Kxd7) 61. Nd2 $1 $18 Qd8 $2 (61... f3+ 62. Nxf3 (62. Kxf3 Qd8 $18) 62... e4) 62. Ne4 $18 Qe8 63. Nxc5 Qxe6 64. Nxe6+ Kf7 {[%emt 0:00:02] [#]} 65. Nxg7 $1 (65. Nd8+ Ke7 66. Nxc6+ Kd7 $11) 65... Kxg7 66. b4 (66. Kf3 $142 Kf6 67. Ke4 Ke6 68. b4 f3 69. Kxf3 Ke7 70. Ke4 Ke6 71. b5) 1-0

[Event "XTX Markets London Classic-Elite 2024"]
[Site "London"]
[Date "2024.12.01"]
[Round "3.3"]
[White "Jones, Gawain C B"]
[Black "Vidit, Santosh Gujrathi"]
[Result "1/2-1/2"]
[WhiteElo "2639"]
[BlackElo "2739"]
[Annotator "TA"]
[PlyCount "60"]
[EventDate "2024.??.??"]
[TimeControl "60"]

1. Nf3 d5 2. g3 Nf6 3. Bg2 c5 4. O-O e6 5. c4 d4 6. e3 Nc6 7. d3 h6 8. exd4 cxd4 9. Na3 Bxa3 10. bxa3 O-O $1 11. Re1 Re8 12. Bf4 Ng4 $1 13. Ne5 ({Don't go for} 13. Nxd4 $2 Nxd4 14. Bd2 (14. Qxg4 $2 {perishes.} e5 $19) 14... e5 $19) 13... Ngxe5 14. Bxe5 f6 15. Bf4 e5 16. Bd2 Bf5 17. Rb1 Qd7 (17... Bxd3 18. Bd5+ Kh8 19. Rxb7 $18) 18. Qf3 $146 ({RR} 18. Bd5+ Be6 19. Be4 Rac8 20. a4 Rc7 21. a5 Bf5 22. Bd5+ Be6 23. Be4 Bf5 24. Bd5+ Be6 25. Be4 {½-½ (25) Esipenko,A (2668)-Eljanov,P (2697) Hamburg GER 2023}) 18... Rab8 19. Qd5+ Qf7 20. Qxf7+ Kxf7 21. Rb3 Nd8 22. f4 b6 23. Bd5+ Kg6 24. fxe5 Rxe5 25. Rxe5 fxe5 26. Bb4 Rc8 27. Bd6 Nf7 28. Bxf7+ Kxf7 29. Bxe5 Re8 30. Bxd4 Rd8 {[%emt 0:01:00] An uneventful encounter. Weighted Error Value: White=0.05 (flawless) /Black=0.06 (flawless) . Inaccurate: 	White=2 	--- OK: 	White=12 	Black=8 Best: 	White=1 	--- Strong: 	--- 	Black=2} 1/2-1/2

[Event "XTX Markets London Classic-Elite 2024"]
[Site "London"]
[Date "2024.12.02"]
[Round "4.1"]
[White "Ju, Wenjun"]
[Black "Royal, Shreyas"]
[Result "1-0"]
[WhiteElo "2563"]
[BlackElo "2520"]
[Annotator "TA"]
[PlyCount "67"]
[EventDate "2024.??.??"]
[TimeControl "60"]

1. e4 {[%emt 0:05:05] Meyer,Claus Dieter} c6 2. d4 d5 3. e5 c5 4. dxc5 e6 5. Bd3 Bxc5 6. Qg4 Kf8 ({RR} 6... Ne7 7. b4 ({RR} 7. Qxg7 Rg8 8. Qxh7 Qb6 9. Nh3 Nbc6 ({RR} 9... Rxg2 10. Kf1 Rg8 11. Rg1 Rxg1+ 12. Kxg1)) 7... h5 ({RR} 7... Bb6 8. Nf3 a5 ({RR} 8... Ng6) 9. b5 ({RR} 9. Qxg7) 9... Ng6 10. h4 f5 ({RR} 10... Qc7 11. Bb2 Qc5) 11. Qg3 O-O 12. h5 Nh8 13. Bh6 Qe7 14. Bg5 Qb4+ ({RR} 14... Qc7) 15. Nbd2 ({RR} 15. Bd2) 15... Qg4 ({RR} 15... Nd7) 16. Qh2 Nd7 ({RR} 16... Qb4) 17. Bf4 Nc5 18. Be2 Ne4 19. Rf1 ({RR} 19. Nd4) 19... Nc3 20. Ng1 Nxe2 21. Nxe2 g6 22. hxg6) 8. Qf4 ({RR} 8. Qg3 Bd4 9. c3 Qc7) 8... Bb6 ({RR} 8... g5 9. Qf6 ({RR} 9. Qxg5 Bxb4+ 10. c3 Bc5) 9... Bxb4+ 10. c3) 9. Nf3 Nbc6 10. Nbd2 a5 11. b5 ({RR} 11. bxa5 Bxa5 12. O-O Nf5) 11... Nb4 12. Ba3 Nxd3+ 13. cxd3 Bd7 14. Qa4 Nf5 15. Rc1 g5 16. h3 Rc8 17. Rxc8 Qxc8 18. Ke2 Qb8 ({RR} 18... Qd8 19. Nb3 Rg8 20. g4 ({RR} 20. g3 f6) ({RR} 20. Bc5 Bc7) 20... Nh4 21. Bc5 Bc7 22. Nxh4 gxh4) 19. Nb3 Qa7 ({RR} 19... Rg8 20. g4 Nh4 21. Bd6 Qd8 ({RR} 21... Qa7 22. Nxh4 gxh4 23. Rc1 Bxf2 ({RR} 23... hxg4 24. Nc5 Bxc5 25. Rxc5 Qb6 26. hxg4 h3 27. Qf4) 24. Rc8+ Bxc8 25. b6+ Bd7 26. bxa7) 22. Rc1 hxg4 ({RR} 22... Nxf3 23. Kxf3) 23. hxg4 f6 24. Nc5) ({RR} 19... Bd8 20. Rc1 b6 21. g4) ({RR} 19... Nh4 20. Bd6 Qd8 21. Nxh4 gxh4 22. Nc5 Qg5 23. Nxb7) 20. Rc1 g4 ({RR} 20... Bxf2 21. Rc8+ Bxc8 22. b6+ Bd7 23. bxa7) ({RR} 20... Qb8 21. Nc5 h4 22. Kf1 Rg8 23. Rc2 Rg6 24. Nxd7 Kxd7 25. Bc5) 21. hxg4 {Dominguez Perez,L (2760)-Nepomniachtchi,I (2775) Dortmund 2019 CBM 191 [Meyer,Claus Dieter] 1-0}) 7. Nf3 Nc6 8. O-O {[%emt 0:00:30] White is slightly better.} f6 $146 ({RR} 8... h5 9. Qf4 Nh6 10. a3 a6 11. b4 Be7 12. Re1 Rg8 13. h4 Ng4 14. Ng5 Bxg5 15. hxg5 g6 16. Nd2 Qc7 17. Bb2 b5 18. Nb3 a5 19. f3 Qb6+ 20. Nc5 axb4 21. axb4 Rxa1 22. Rxa1 {1-0 (22) Popov,K (2376)-Laddha,S (2308) chess.com INT 2024}) 9. Qg3 Nxe5 10. Nxe5 fxe5 11. Qxe5 Bd6 12. Qe2 {[%emt 0:00:30] White has more active pieces.} Nf6 13. c4 Kf7 14. Nc3 h6 {[%emt 0:00:30] Prevents Bg5.} 15. h3 Rf8 16. Be3 Kg8 17. Rad1 Bd7 18. Bc2 Qe7 19. cxd5 exd5 (19... e5 $16 20. Rfe1 Qf7) 20. Nxd5 $18 Nxd5 21. Rxd5 {[%emt 0:00:30] Strongly threatening Qd3.} Bc6 $2 {[%emt 0:00:30] [#]} (21... Rad8 22. Rfd1 (22. Qd3 Bf5 $11) 22... Rf6) 22. Qd3 Bxd5 23. Qxd5+ Kh8 $2 {[%emt 0:00:30] [#]} (23... Rf7 24. Qd3 (24. Bg6 Rd8 $18) 24... Kf8) 24. Qd3 $1 Kg8 25. Qh7+ Kf7 26. Qg6+ {[%emt 0:00:30] Black is weak on the light squares} Kg8 27. Bd4 {[%emt 0:00:30] Bb3+ would kill now. This pair of bishops is nice.} Rf6 28. Qh7+ Kf7 29. Bxf6 Qxf6 30. Re1 {[%emt 0:00:30] Threatening mate with Bb3+.} Qd4 31. Bb3+ {[%emt 0:00:30] White mates.} Kf6 32. Re6+ Kg5 33. Qg6+ Kf4 34. Qg4# {[%emt 0:00:30] Weighted Error Value: White=0.22 (precise) /Black=0.55. Mistake: 	White=1 	Black=3 Inaccurate: 	--- 	Black=3 OK: 	White=6 	Black=4 Best: 	White=1 	Black=1 Strong: 	White=1 	---} 1-0

[Event "XTX Markets London Classic-Elite 2024"]
[Site "London"]
[Date "2024.12.02"]
[Round "4.2"]
[White "Vidit, Santosh Gujrathi"]
[Black "Adams, Michael"]
[Result "1/2-1/2"]
[WhiteElo "2739"]
[BlackElo "2662"]
[Annotator "RC"]
[PlyCount "118"]
[EventDate "2024.??.??"]
[TimeControl "60"]

1. Nf3 d5 2. g3 Nf6 3. Bg2 c5 4. O-O g6 5. d4 cxd4 6. Nxd4 Bg7 7. Nb3 O-O 8. Nc3 e6 9. e4 Nc6 10. exd5 Nxd5 11. Nxd5 exd5 12. c3 a5 $146 ({RR} 12... d4 13. cxd4 Nxd4 14. Nxd4 Bxd4 15. Bh6 Re8 16. Qd2 Bg7 17. Qxd8 Rxd8 18. Bxg7 Kxg7 19. Rfd1 Bg4 20. Rxd8 Rxd8 21. Bxb7 Rb8 22. Bd5 Rxb2 23. Kg2 Be6 24. Bxe6 fxe6 25. Rd1 Rxa2 26. Rd7+ Kg8 27. Re7 {Svane,R (2628)-Grischuk,A (2689) chess.com INT 2024 ½-½ (40)}) ({RR} 12... d4 13. cxd4 Nxd4 14. Be3 Nc6 15. Nc5 Qe7 16. Re1 Rd8 17. Qb3 Qc7 18. Rac1 Qb6 19. Nxb7 Qxb3 20. Nxd8 Qxb2 21. Nxc6 Bb7 22. Rb1 Qc3 23. Rec1 {1-0 (23) Ding Liren (2811)-Grischuk,A (2745) chess.com INT 2022}) 13. Be3 a4 14. Nd4 Ne5 15. b3 Re8 16. h3 b6 17. bxa4 Bd7 18. Nb5 Bc6 19. Rb1 h5 20. Bd4 h4 21. gxh4 Qxh4 22. Nc7 Bxa4 23. Qe2 Nc4 24. Qd3 Bxd4 25. cxd4 Bc6 26. Nxe8 Rxe8 27. Rfe1 Ra8 28. Re2 Kg7 29. Qc3 Qf6 30. Rb4 Ra3 31. Rb3 Ra8 32. Qa1 Qg5 33. Qe1 Ra7 34. Rg3 Qf6 35. Rf3 Qg5 36. Qb4 Qh4 37. Rc3 Qf6 38. h4 Qxh4 39. Rxc4 dxc4 40. Bxc6 Qxd4 41. a4 Rc7 42. Bg2 Rc5 43. Re3 Ra5 44. Re8 Qa1+ 45. Kh2 Rh5+ 46. Bh3 Qd4 47. Qf8+ Kf6 48. Re3 Qd5 49. Kg3 Rg5+ 50. Kh2 Rh5 51. Qb8 Qd4 52. Rf3+ Kg7 53. Qc7 Qd5 54. Rf4 g5 55. Rxc4 Qe6 56. Rc3 g4 57. Rg3 Rxh3+ 58. Rxh3 gxh3 59. Qg3+ Kf8 1/2-1/2

[Event "XTX Markets London Classic-Elite 2024"]
[Site "London"]
[Date "2024.12.02"]
[Round "4.3"]
[White "Vitiugov, Nikita"]
[Black "Jones, Gawain C B"]
[Result "1/2-1/2"]
[WhiteElo "2668"]
[BlackElo "2639"]
[Annotator "TA"]
[PlyCount "45"]
[EventDate "2024.??.??"]
[TimeControl "60"]

1. d4 Nf6 2. c4 g6 3. Nc3 Bg7 4. e4 d6 5. h3 e5 6. d5 a5 7. Nf3 Na6 8. Be3 O-O 9. g4 Nd7 10. Rg1 ({RR} 10. Nd2 Ndc5 11. Rg1 Kh8 12. a3 Bd7 13. Qc2 c6 14. O-O-O cxd5 15. cxd5 Rc8 16. Kb1 a4 17. h4 f5 18. h5 f4 19. Bxc5 Nxc5 20. hxg6 hxg6 21. g5 Rf7 22. Bb5 Kg8 23. Bxd7 Qxd7 24. Nc4 Qd8 {Carlsen,M (2832)-Nakamura,H (2786) Chess.com INT 2018 1-0 (62)}) 10... Ndc5 11. h4 ({RR} 11. a3 Bd7 12. Nd2 Kh8 13. g5 f5 14. f3 c6 15. h4 cxd5 16. cxd5 b5 17. h5 gxh5 18. exf5 Bxf5 19. Nce4 Qd7 20. Qe2 Rab8 21. Bxc5 Nxc5 22. Qe3 Qf7 23. b4 Nxe4 24. fxe4 Bg4 25. Be2 Qf4 {Blackburn,J (2227)-Jones,G (2671) England 2022 0-1 (32)}) 11... Kh8 12. g5 ({RR} 12. h5 gxh5 13. g5 Bg4 14. Be2 f6 15. Nh4 fxg5 16. Bxg4 gxh4 17. Bf5 Qe7 18. Qxh5 Bf6 19. O-O-O Rg8 20. Ne2 a4 21. Kb1 Rab8 22. Nc3 b6 23. a3 Ra8 24. Kc2 Rab8 25. Nb5 Ra8 26. Na7 Rxa7 {Mickiewicz,P (2257)-Zysko,J (2089) Warsaw POL 2024 1-0 (32)}) 12... f6 $146 ({RR} 12... f5 13. gxf6 Qxf6 14. Be2 Nb4 15. Rg3 Bd7 16. Kf1 Qe7 17. a3 Nba6 18. Qc2 a4 19. Kg2 Bf6 20. Rh1 Rg8 21. Bh6 Nb3 22. Bd1 Nac5 23. Qe2 Bg7 24. Bg5 Bf6 25. Qe3 Nd4 26. Bh6 Nxf3 27. Qxf3 {Xu,X (2583)-Vignesh,N (2459) Xingtai 2019 ½-½ (32)}) ({RR} 12... Bd7 13. h5 Kg8 14. Nd2 Qe8 15. Nb3 b6 16. Rh1 f6 17. gxf6 Rxf6 18. Bg5 Rf8 19. Qd2 Nxb3 20. axb3 Nc5 21. Ra3 gxh5 22. Be3 Qg6 23. Bxc5 bxc5 24. Be2 Bh6 25. Qd3 h4 26. Ra1 Qg2 27. Rf1 {Laliena Solares,L (2176)-Bressac,S (2389) Santa Cruz de La Palma ESP 2023 0-1}) 13. Be2 fxg5 ({Better is} 13... f5 $11) 14. hxg5 Bd7 15. Rh1 Kg8 16. Rh2 (16. Qd2 $14) 16... Qe7 17. Kf1 Rf7 18. Kg2 Raf8 {[%emt 0:03:25][%cal Of7f4] The position is equal.} (18... Rf4 $5) 19. Qd2 Bg4 20. Ne1 Bd7 21. Nf3 Bg4 22. Ne1 Bd7 23. Nf3 {Weighted Error Value: White=0.16 (very precise) /Black=0.15 (very precise) . Mistake:    	White=1   	Black=1   Inaccurate:   	White=4   	Black=3   OK:     	White=4   	Black=5   Best:    	White=1   	---} 1/2-1/2

[Event "XTX Markets London Classic-Elite 2024"]
[Site "London"]
[Date "2024.12.02"]
[Round "4.4"]
[White "Mamedyarov, Shakhriyar"]
[Black "Hong, Andrew"]
[Result "1/2-1/2"]
[WhiteElo "2738"]
[BlackElo "2572"]
[Annotator "TA"]
[PlyCount "80"]
[EventDate "2024.??.??"]
[TimeControl "60"]

1. d4 d5 2. c4 e6 3. Nc3 c6 4. e4 dxe4 5. Nxe4 Bb4+ 6. Bd2 Qxd4 7. Bxb4 Qxe4+ 8. Be2 Na6 9. Bd6 {[%emt 0:00:30] [#] Threatens to win with Nf3.} Qxg2 10. Qd2 e5 (10... Qxh1 11. O-O-O e5 12. Bxe5 $16) 11. O-O-O {[%emt 0:00:30][%cal Od6b8] Hoping for Bb8!} Qe4 $1 (11... Qxh1 $2 12. Bxe5 f6 13. Bf3 $18) 12. Bxe5 {[%emt 0:00:30][%csl Gd1][%cal Rd2d8] A strong pair of Bishops.} Bf5 $1 (12... Qxh1 13. Qd8#) 13. Bd3 {[%emt 0:00:30] Really sharp!} Qxd3 (13... Qxe5 $2 14. Re1 $18) (13... Qxh1 $2 14. Bxf5 Nc5 15. Bxg7 $18) 14. Qxd3 Bxd3 15. Bxg7 Nb4 16. b3 $146 ({RR} 16. a3 Na2+ 17. Kd2 O-O-O 18. Ke1 Re8+ 19. Kd2 Rd8 20. Ke1 Re8+ 21. Kd2 Rd8 22. Ke1 Re8+ {½-½ (22) O'Donnell,C (2303)-Godart,F (2407) Struga 2021}) ({RR} 16. Bxh8 Nxa2+ 17. Kd2 Bxc4 18. Nh3 Ne7 19. Kc2 Nd5 20. Rd4 Nab4+ 21. Kd2 b5 22. Re1+ Kd7 23. Be5 c5 24. Rh4 Rd8 25. Ng5 Ne7 26. Rxc4 bxc4 27. Bd6 Nf5 28. Nxf7 Nxd6 29. Nxd8 Kxd8 30. Re6 Nb5 {Donchenko,A (2676)-Ten Hertog,H (2525) Durres ALB 2023 ½-½ (34)}) 16... Be4 (16... Nxa2+ $2 17. Kb2 Nb4 (17... Be4 $2 18. f3 $18) 18. Nh3 $18 (18. Bxh8 a5 $18)) 17. f3 Nd3+ (17... Nxa2+ $2 {perishes.} 18. Kb2 Bf5 19. Kxa2 $18 (19. Bxh8 Nb4 $18)) (17... Ne7 {simplifies} 18. Bxh8 Nd3+ 19. Rxd3 Bxd3 20. Nh3 Bf5) 18. Kd2 $1 Bg6 {[%emt 0:00:30][%cal Oe8c8] Strongly threatening ...0-0-0!} 19. Nh3 {[%emt 0:00:30] [#]} O-O-O $1 20. Kc3 {[%emt 0:00:30][%cal Oh1g1] Prevents Nb2} Nh6 {[%emt 0:00:30][%cal Ob7b5] And now ...b5! would win. The position is equal.} 21. Bxh8 Rxh8 22. Rxd3 Bxd3 23. Kxd3 $11 {[%emt 0:00:30][%mdl 4096] Endgame. KRN-KRN} Re8 24. Ng5 Nf5 25. Ne4 Rd8+ 26. Ke2 Rg8 27. Kf2 {[%emt 0:00:30] Repels Rg2+} Nh4 28. Ng3 Rd8 29. Re1 Rd2+ 30. Re2 Rd3 31. Re8+ Kd7 32. Rb8 Kc7 ({Much worse is} 32... Rxf3+ 33. Ke2 $16) 33. Rh8 Rxf3+ (33... Nxf3 34. Rxh7 Ne5 35. Ne4) 34. Ke2 Rf4 35. Rxh7 Ng6 36. Ke3 Kd7 37. h4 {[%emt 0:00:30] aiming for h5.} Rg4 $1 38. Ne4 {[%emt 0:00:30] Nf6+ is the strong threat.} Rxh4 39. Rxf7+ Ne7 40. Rg7 b6 {[%emt 0:00:30] A balanced but interesting game. Weighted Error Value: White=0.01 (flawless) /Black=0.01 (flawless) . Inaccurate: 	White=1 	--- OK: 	White=17 	Black=20 Best: 	White=3 	Black=1 Strong: 	White=1 	Black=3} 1/2-1/2

[Event "XTX Markets London Classic-Elite 2024"]
[Site "London"]
[Date "2024.12.03"]
[Round "5.1"]
[White "Hong, Andrew"]
[Black "Ju, Wenjun"]
[Result "1/2-1/2"]
[WhiteElo "2572"]
[BlackElo "2563"]
[Annotator "TA"]
[PlyCount "98"]
[EventDate "2024.??.??"]
[TimeControl "60"]

1. e4 e5 2. Nf3 Nc6 3. Bc4 Nf6 4. d3 Bc5 5. c3 O-O 6. O-O d5 7. exd5 Nxd5 8. a4 Bf5 9. a5 {[%emt 0:10:00] Prevents Nb6} a6 $1 10. Re1 Nf6 11. Bg5 e4 12. dxe4 Qxd1 13. Rxd1 Nxe4 14. Bh4 Rae8 $146 ({RR} 14... Rfe8 15. Nbd2 Nxd2 16. Rxd2 Bd6 17. Bd5 Be4 18. Bxe4 Rxe4 19. Bg3 Bxg3 20. hxg3 Rae8 21. Kf1 f6 22. b4 Rc4 23. Rd3 Ne5 24. Nxe5 Rxe5 25. Re1 Kf7 26. Rxe5 fxe5 27. Rd8 Rxc3 28. Rb8 Ke6 29. Rxb7 {Lu,S (2602)-Inarkiev,E (2693) Douglas 2019 ½-½ (32)}) 15. Bd5 g5 16. Bxe4 Rxe4 17. Bxg5 ({White should play} 17. Rd5 $1 $11 Ba7 18. Bxg5 (18. Nxg5 $2 Re1#)) 17... Re2 $15 18. Nbd2 Bxf2+ {[%emt 0:02:22] A strong pair of Bishops.} 19. Kh1 $1 Rfe8 20. b4 Kg7 21. Bf4 R8e7 {[%emt 0:00:21] White is weak on the light squares} 22. Nf1 Bg6 23. Rd2 Rxd2 24. N1xd2 f6 25. Rf1 Ba7 26. h3 Nd8 27. Bg3 Rd7 28. Re1 Kf7 29. Ne4 Bxe4 30. Rxe4 {[%emt 0:00:04] The position is equal.} Ne6 31. Kh2 c5 32. Rh4 Kg6 33. Rc4 cxb4 34. cxb4 Nd4 35. Nh4+ Kf7 36. Bf2 Nf3+ 37. Nxf3 Bxf2 $11 {[%emt 0:00:02][%mdl 4096] Endgame. KRB-KRN} 38. Rc2 Ba7 39. Kg3 Bb8+ 40. Kf2 Rd5 41. Rc4 Bd6 42. Nd4 {[%emt 0:00:50] Dodges Rb5} h5 43. g4 hxg4 44. hxg4 Ke8 45. Nf5 Bf8 46. Rc8+ Rd8 47. Rc7 Rd7 48. Rc8+ Rd8 49. Rc7 Rd7 {[%emt 0:00:04] Weighted Error Value: White=0.07 (flawless) /Black=0.06 (flawless) . Mistake: 	White=1 	--- Inaccurate: 	White=2 	Black=2 OK: 	White=14 	Black=15 Best: 	White=1 	Black=2 Strong: 	White=1 	Black=1} 1/2-1/2